cohdb
Replays
Latest Replays
All Replays
Popular Replays
Top Player Replays
Match Explorer
How It Works
Community
CoH3 Stats
Reddit
Sign in to upload your games and track your stats! →
Sign in with Steam
Match 44930050
Unlisted
Match 44930050
Overview
Messages
Build Orders
End
Selects Canadian Shock Battlegroup
Royal Engineer Section
Vickers Machine Gun Team
Royal Engineer Section
Royal Engineer Section
Construct Section Command Post
Selects Incendiary Munitions
Construct Platoon Command Post
Construct Platoon Command Post
Humber Armored Car
Royal Engineer Section
Selects Attacking Spirit
Selects Canadian Shock Section
Infantry Training
Royal Engineer Section
Selects Pyrotechnics
Canadian Shock Section
Royal Engineer Section
Construct Company Command Post
Unlock M3 Grant Medium Tanks
M3 Grant Medium Tank
Lt_Winters
BOOM YOU
Ellin
jaws2005
R.U.C
Rowen
Torus
Team saupiquet
0
0
Comments
sign in to comment!
No comments posted yet!